 Dungeon Crawl Stone Soup version 0.27-a0-860-gaf99fae3ca (webtiles) character file.

Game seed: 1033769424857829126

134 robertstho the Sneak (level 4, 0/45 HPs)
             Began as a Troll Delver on Apr 1, 2021.
             Slain by an ogre
             ... wielding a +0 giant spiked club
              (24 damage)
             ... on level 5 of the Dungeon.
             The game lasted 00:00:19 (81 turns).

robertstho the Sneak (Troll Delver)                   Turns: 81, Time: 00:00:20

Health: 0/45       AC:  4    Str: 21    XL:     4   Next: 95%
Magic:  3/3        EV: 10    Int:  6    God:
Gold:   13         SH:  0    Dex: 11    Spells: 3/3 levels left

rFire    . . .     SeeInvis .     - Unarmed
rCold    . . .     Faith    .   (no shield)
rNeg     . . .     Spirit   .   a - +0 robe
rPois    .         Reflect  .   (helmet restricted)
rElec    .         Harm     .   (no cloak)
rCorr    .         Rampage  .   (gloves unavailable)
Will     .....                  (boots unavailable)
Stlth    ++........             (no amulet)
HPRegen  1.15/turn              (no ring)
MPRegen  0.08/turn              (no ring)

@: no status effects
A: large, unfitting armour, claws 3, regeneration 1, shaggy fur 1, tough skin 1
a: no special abilities


You were on level 5 of the Dungeon.
You visited 1 branch of the dungeon, and saw 1 of its levels.

You collected 13 gold pieces.

Inventory:

Armour
 a - a +0 robe (worn)
Wands
 f - a wand of digging (3)
Scrolls
 b - a scroll of fog
 c - a scroll of magic mapping
 d - a scroll of fear
Potions
 e - a potion of haste
 g - a potion of curing {unknown}


   Skills:
 * Level 3.1 Fighting
 + Level 1.7 Dodging
 + Level 3.5 Stealth
 * Level 2.9 Unarmed Combat


You had 3 spell levels left.
You didn't know any spells.
Your spell library was empty.

Dungeon Overview and Level Annotations

Branches:
Dungeon (5/15)
 Temple: D:4-7

Altars:


Innate Abilities, Weirdness & Mutations

You are too large for most types of armour.
You have claws for hands.
Your natural rate of healing is unusually fast.
You are covered in fur. (AC +1)
You have tough skin. (AC +1)


Message History

You kill the black bear!
Your Fighting skill increases to level 3!
You have reached level 4!
Unknown command.
g - a fizzy black potion You see here a black bear corpse.
An ogre comes into view. It is wielding a +0 giant spiked club.
Found a scroll labelled CUSASHRE QEYTZ.
The helpless ogre fails to defend itself.
You scratch the ogre.
The ogre is moderately wounded.
The ogre hits you with a +0 giant spiked club.
You scratch the ogre.
The ogre is moderately wounded.
The ogre hits you with a +0 giant spiked club!!
Ouch! That really hurt!
You are too injured to fight recklessly!
You are too injured to fight recklessly!
You are too injured to fight recklessly!
You are too injured to fight recklessly!
You are too injured to fight recklessly!
You are too injured to fight recklessly!
You are too injured to fight recklessly!
You are too injured to fight recklessly!
You are too injured to fight recklessly!
You are too injured to fight recklessly!
You are too injured to fight recklessly!
You are too injured to fight recklessly!
You are too injured to fight recklessly!
You are too injured to fight recklessly!
You are too injured to fight recklessly!
You are too injured to fight recklessly!
You are too injured to fight recklessly!
You barely miss the ogre.
The ogre is moderately wounded.
You claw the ogre!
The ogre is almost dead.
The ogre hits you with a +0 giant spiked club!!
Ouch! That really hurt!
You die...

##.### #....# #....##
####.....# #.
##........# ..
####........# ##...
#..##...##.## #....
#.O.##..##..####....
#..@##..##...##.....
#...#......##..........
.............##...#.....
...#............#†.#....
#..#...#.###.#.......
...##...### #.........
...# #..... #.........
..# #..... ##.........
?# +..#..##..........


You could see an ogre.

Vanquished Creatures
  A black bear (D:5)
  A howler monkey (D:5)
  4 orcs (D:5)
6 creatures vanquished.

Notes
Turn   | Place    | Note
-------+----------+-------------------------------------------
     0 | D:5      | robertstho the Troll Delver began the quest for the Orb.
     0 | D:5      | Reached XP level 1. HP: 22/22 MP: 0/0
    19 | D:5      | Noticed a howler monkey
    28 | D:5      | Killed a howler monkey
    29 | D:5      | Reached XP level 2. HP: 29/29 MP: 1/1
    29 | D:5      | Reached XP level 3. HP: 36/36 MP: 2/2
    37 | D:5      | Noticed a black bear
    45 | D:5      | Killed a black bear
    46 | D:5      | Reached XP level 4. HP: 39/45 MP: 3/3
    75 | D:5      | Noticed an ogre
    81 | D:5      | Slain by an ogre

Illustrated notes

Levels and vault maps discovered:
D:5:      layout_cave_pools, kennysheep_mini_moat, lemuel_crystal_altar,
          grunt_decor_arrowhead

Skill      XL: |  1  2  3 |
---------------+----------+-----
Stealth        | 3 |  3.5
Fighting       | 3 |  3.1
Dodging        | |  1.7
Unarmed Combat | |  2.9

Action                   |  1- 3 |  4- 6 || total
-------------------------+-------+-------++-------
Melee: Unarmed           |    21 |     4 ||    25
       Punch             |     1 |       ||     1
 Stab: Sleeping          |       |     1 ||     1
Armor: Robe              |     5 |       ||     5
Dodge: Dodged            |    10 |       ||    10

Table legend: (Time is in decaauts)
 A = Elapsed time spent in this place.
 B = Non-inter-level travel time spent in this place.
 C = Inter-level travel time spent in this place.
 D = Time resting spent in this place.
 E = Time spent auto-exploring this place.
 F = Levels seen in this place.
 G = Mean time per level.
                   A        B        C        D        E       F      G
               +--------+--------+--------+--------+--------+-----+--------+
         Total |     80 |     80 |      0 |      0 |     43 |   1 |   80.0 |
       Dungeon |     80 |     80 |      0 |      0 |     43 |   1 |   80.0 |
               +--------+--------+--------+--------+--------+-----+--------+

Top non-repeatable levels by time:
     D:5: 80 daAuts
